 Dungeon Crawl Stone Soup version 0.29-a0-233-g1125b37a9b (webtiles) character file.

Game seed: 3946574381001966610

3255 spaghetti the Fighter (level 9, -1/109 (117) HPs)
             Began as a Demonspawn Berserker on Mar 1, 2022.
             Was a Priest of Trog.
             Killed from afar by Maggie (9 damage)
             ... with a bolt of fire
             ... on level 7 of the Dungeon.
             The game lasted 00:11:32 (8496 turns).

spaghetti the Fighter (Demonspawn Berserker)        Turns: 8496, Time: 00:11:33

HP:   -1/109 (117)  AC: 24    Str: 25 (26) XL:     9   Next: 67%
MP:   9/9           EV:  2    Int:  3 (6)  God:    Trog [***...]
Gold: 291           SH:  0    Dex: 16 (19) Spells: 8/8 levels left

rFire   + + .      SeeInvis .   f - +1 dagger (venom) {short}
rCold   + . .      Faith    .   (no shield)
rNeg    . . .      Spirit   .   (body armour currently unavailable)
rPois   +          Reflect  .   (helmet currently unavailable)
rElec   +          Harm     .   (cloak currently unavailable)
rCorr   +          Rampage  .   (gloves currently unavailable)
Will    ++...      NoTele   +   (boots currently unavailable)
Stlth   +.........              (no amulet)
HPRegen 1.28/turn               k - ring of Perfectionism {rF+ Str+4 Int-2 Dex+6}
MPRegen 0.22/turn               (no ring)

@: tree-form, resistant, strong-willed, on berserk cooldown, regenerating,
slowed, drained, very slow
A: stationary, stasis, torment immunity, boosted hp, (antennae 2), (slimy green
scales 1), ignite blood 1, magic regeneration
a: Renounce Religion, Berserk, Trog's Hand


You were on level 7 of the Dungeon.
You worshipped Trog.
Trog was most pleased with you.
You were a tree.
You visited 1 branch of the dungeon, and saw 7 of its levels.

You collected 291 gold pieces.


Innate Abilities, Weirdness & Mutations

You are a tree.
Your roots penetrate the ground, keeping you stationary.
You cannot be teleported.
You are immune to unholy pain and torment.
Your maximum health is greatly increased.
Your equipment is partially melded.
((You have a pair of antennae on your head.))
((You are partially covered in slimy green scales. (AC +2)))
Your demonic aura sometimes causes spilled blood to erupt in flames.
You regenerate magic rapidly.


   Skills:
 + Level 9.8 Fighting
 + Level 9.1 Armour
 - Level 1.8 Dodging
 - Level 3.4 Unarmed Combat


You had 8 spell levels left.
You didn't know any spells.
Your spell library contained the following spells:

 Spells                   Type           Power      Damage    Failure   Level
 Sublimation of Blood     Necr           0%         N/A       67%         2
 Wereblood                Tmut           0%         N/A       67%         2
 Freezing Cloud           Conj/Ice/Air   0%         6-21      100%        5
 Simulacrum               Ice/Necr       0%         N/A       100%        6
 Summon Hydra             Summ           0%         N/A       100%        7
 Polar Vortex             Ice            0%         N/A       100%        9

Inventory:

Hand Weapons
 f - a +1 dagger of venom (weapon) {short}
   (You took it off a goblin on level 1 of the Dungeon)
 x - a +2 dagger of venom {short}
   (You took it off an orc on level 6 of the Dungeon)
 z - a +0 shortbow {bow}
   (You took it off a centaur on level 6 of the Dungeon)
Missiles
 c - 131 stones (quivered) {throwing}
 h - 4 datura-tipped darts {throwing}
 m - 2 boomerangs of dispersal {=f!fthrowing}
 n - a throwing net {=f!fthrowing}
 A - 4 poisoned darts {throwing}
Armour
 a - a +0 animal skin
 s - a +3 ring mail of willpower (melded)
   (You found it on level 4 of the Dungeon)
Jewellery
 b - a ring of protection from fire
   (You found it on level 7 of the Dungeon)
 k - the ring of Perfectionism (left branch) {rF+ Str+4 Int-2 Dex+6}
   (You acquired it on level 6 of the Dungeon)

   [ring of dexterity]

   Str:       It affects your strength (+4).
   Int:       It affects your intelligence (-2).
   Dex:       It affects your dexterity (+6).
   rF:        It protects you from fire.
 t - a ring of fire
   (You found it on level 4 of the Dungeon)
Scrolls
 e - 3 scrolls of enchant weapon
 i - 2 scrolls of amnesia
 j - 3 scrolls of fog
 l - a scroll of noise {!r}
 o - a scroll of blinking {!r}
 u - a scroll of holy word {!r}
Potions
 g - a potion of brilliance
 r - a potion of lignification {!q}

Dungeon Overview and Level Annotations

Branches:
Dungeon (7/15)             Temple (0/1) D:7

Altars:
Makhleb

Shops:
D:4 :

Annotations:
D:3 1 runed translucent door, jlumianski's ghost, amateur DsGl
D:7 Maggie

######### #######........
###..............
..#.#####.#######
#...............#
###.#####.#####.#####
..#.#.....# #.......#
#.#.#.##### #....)..#
.....<....# #...♣†..#
#.#.#.###.# #....†..######
..#.#.# #.# ###.##@......#
###.#.###.# #.##.......#
....#..##.#####.##.†.....#
#####..##................#
#####..##...).........####
........#.............#
#####...#.............#


You could see Maggie (inner flame).


Message History

You now have 117 max hp (+2).
You regained 2 hp, and now have 21/117 hp.
Okay, then.
Your skin crawls.
You feel strong-willed.
The iguana bites you but does no damage.
Something hits you but does no damage. 😱 HP[+1]
A red film seems to cover your vision as you go berserk!
You feel yourself moving faster!
You feel mighty! The iguana barely misses you.
You hear a zap.
Something tries to affect you, but you resist. 😱 HP[+12]
You now have 175 max hp (+58).
You regained 12 hp, and now have 34/175 hp.
You cannot move.
You cannot move.
You puncture the iguana!
The iguana is poisoned.
Your attack snaps the iguana out of its fear.
The iguana barely misses you. 😱 HP[+1]
You closely miss the iguana. Something hits you but does no damage.
The iguana bites you!
* * * LOW HITPOINT WARNING * * *
😱 HP[-7]
You take 7 damage, and now have 28/175 hp.
You puncture the iguana!
The iguana looks as sick as possible!
You kill the iguana!
Trog accepts your kill.
Something hits you but does no damage. 😱 HP[+1]
You are too berserk!
You are too berserk!
You cannot move.
You barely miss something. 😱 HP[+1]
You hit something.
Maggie gestures wildly while chanting.
Something hits you but does no damage. 😱 HP[+1]
You puncture something!
Maggie gestures wildly while chanting.
Something hits you but does no damage. 😱 HP[+1]
You miss something. 😱 HP[+1]
You puncture something! Trog accepts your kill.
Trog appreciates your killing of a magic user.
Reactivating autopickup.
You feel a bit more experienced.
Maggie gestures wildly while chanting. 😱 HP[+1]
You are too berserk!
Unknown command.
You are too berserk! 😱 HP[+1]
You feel a strong urge to attack something.
You are no longer berserk.
You are exhausted.
You feel yourself slow down. 😱 HP[-11]
You now have 117 max hp (-58).
You aren't carrying any items that you can evoke.
Okay, then.
Okay, then.
As you read the scroll labelled UVANWAGIWU, it crumbles to dust.
The creatures around you are filled with an inner flame!
It was a scroll of immolation.
Maggie mumbles some strange words.
Maggie attempts to bespell you! You resist with almost no effort.
Maggie hits you from afar with a +2 glaive of draining.
* * * LOW HITPOINT WARNING * * *
You feel drained.
* * * LOW HITPOINT WARNING * * *
😱 HP[-5]
You now have 115 max hp (-2).
You take 5 damage, and now have 19/115 hp.
As you read the scroll labelled UQIRADW MYOR, it crumbles to dust.
It is a scroll of enchant armour.
Your +2 ring mail of willpower glows green for a moment.
Maggie gestures wildly while chanting.
Maggie attempts to bespell you!
You resist with almost no effort. 😱 HP[+2]
You regained 2 hp, and now have 21/115 hp.
Unknown command.
Maggie hits you from afar with a +2 glaive of draining!
* * * LOW HITPOINT WARNING * * *
You feel drained.
* * * LOW HITPOINT WARNING * * *
Maggie hits you but does no damage.
You feel drained. 😱 HP[-20]
You now have 109 max hp (-6).
You take 20 damage, and now have 1/109 hp.
Unknown command.
You feel better. Maggie gestures at you while chanting.
The bolt of fire hits you! You resist.
You die...

Skill      XL: |  1  2  3  4  5  6  7  8  9 |
---------------+----------------------------+-----
Unarmed Combat | 3 |  3.4
Armour         | 2 3 4 5 6 7 9 |  9.1
Fighting       | 4 6 8 9 |  9.8
Dodging        | |  1.8

Action                   |  1- 3 |  4- 6 |  7- 9 || total
-------------------------+-------+-------+-------++-------
Melee: Unarmed           |    35 |       |       ||    35
       Dagger            |    91 |    72 |   340 ||   503
       Punch             |       |     1 |     8 ||     9
Invok: Berserk           |     3 |     2 |    10 ||    15
       Trog's Hand       |       |       |     2 ||     2
  Use: Potion            |       |     3 |     9 ||    12
       Scroll            |       |       |    13 ||    13
 Stab: Sleeping          |     1 |       |       ||     1
Armor: Animal skin       |    29 |    11 |     6 ||    46
       Ring mail         |       |       |   152 ||   152
       Skin              |       |       |    93 ||    93
Dodge: Dodged            |   102 |    41 |   183 ||   326

Levels and vault maps discovered:
D:1:      minmay_arrival_four_houses, layout_loops_ring, amethyst_killhole,
          minmay_misc_feat_diagonals
D:2:      wander_river, layout_loops_cross, ebering_ecumenical_altar_petrified,
          grunt_decor_clamped
D:3:      layout_basic, hellmonk_ghost_happy_afterlife, serial_rivers,
          chequers_serial_rivers_marsh, chequers_serial_rivers_small_3,
          chequers_serial_rivers_large_a, chequers_serial_rivers_micro_c
D:4:      layout_basic, makhleb_blood_cavern_becter, nicolae_shop_self_help,
          uniq_pikel
D:5:      wad_woods_tower, layout_rooms
D:6:      layout_basic, serial_bayou_pond_a
D:7:      layout_basic, minmay_temple_entry_slanted, uniq_maggie, uniq_menkaure

Notes
Turn   | Place    | Note
-------+----------+-------------------------------------------
     0 | D:1      | spaghetti the Demonspawn Berserker began the quest for the
                  | Orb.
     0 | D:1      | Reached XP level 1. HP: 18/18 MP: 1/1
     0 | D:1      | magus.rc [v1.9.6]
    74 | D:1      | Reached skill level 3 in Unarmed Combat
   199 | D:1      | Gained mutation: Your demonic aura sometimes causes spilled
                  | blood to erupt in flames. [demonic ancestry]
   199 | D:1      | Reached XP level 2. HP: 24/24 MP: 2/2
   329 | D:1      | You fall into a shaft and drop 1 floor!
   491 | D:1      | Reached skill level 2 in Armour
   741 | D:1      | Reached XP level 3. HP: 29/29 MP: 3/3
   792 | D:1      | Reached ** piety under Trog
  1434 | D:2      | Found a faded altar of an unknown god.
  1598 | D:2      | Reached skill level 3 in Armour
  2378 | D:3      | Gained mutation: You are partially covered in slimy green
                  | scales. (AC +2) [demonic ancestry]
  2378 | D:3      | Reached XP level 4. HP: 30/30 MP: 4/4
  2507 | D:3      | Noticed jlumianski's ghost (amateur DsGl)
  2514 | D:3      | Found a runed translucent door.
  2648 | D:3      | You pick up a book of Ice {forbidden} and begin reading...
  2648 | D:3      | You add the spells Freezing Cloud, Simulacrum and Polar
                  | Vortex to your library.
  3255 | D:4      | Noticed a phantom
  3257 | D:4      | Noticed a black bear
  3273 | D:4      | Killed a phantom
  3274 | D:4      | Gained mutation: You have a pair of small antennae on your
                  | head. [demonic ancestry]
  3274 | D:4      | Reached XP level 5. HP: 42/42 MP: 5/5
  3276 | D:4      | Killed a black bear
  3277 | D:4      | Reached skill level 4 in Fighting
  3277 | D:4      | Reached skill level 4 in Armour
  3382 | D:4      | Noticed an ogre
  3382 | D:4      | Noticed a lemure
  3383 | D:4      | Noticed a lemure
  3383 | D:4      | Noticed a lemure
  3383 | D:4      | Noticed a lemure
  3393 | D:4      | Killed an ogre
  3393 | D:4      | Noticed Pikel
  3394 | D:4      | Gained mutation: You have a pair of antennae on your head.
                  | [demonic ancestry]
  3394 | D:4      | Reached XP level 6. HP: 49/49 MP: 6/6
  3441 | D:4      | Killed Pikel
  3442 | D:4      | Reached skill level 6 in Fighting
  3442 | D:4      | Reached skill level 5 in Armour
  3442 | D:4      | Gained mutation: You regenerate magic rapidly. [demonic
                  | ancestry]
  3442 | D:4      | Reached XP level 7. HP: 22/58 MP: 7/7
  3862 | D:4      | Reached skill level 6 in Armour
  3938 | D:4      | Found Xaheruz's Self-Improvement Boutique.
  3953 | D:4      | You pick up a book of Blood {forbidden} and begin
                  | reading...
  3953 | D:4      | You add the spells Sublimation of Blood, Wereblood and
                  | Summon Hydra to your library.
  4015 | D:4      | Reached *** piety under Trog
  4125 | D:4      | Found a burning altar of Makhleb.
  4227 | D:5      | Entered Level 5 of the Dungeon
  4291 | D:5      | Reached XP level 8. HP: 65/65 MP: 8/8
  4529 | D:5      | Reached skill level 7 in Fighting
  5580 | D:6      | Reached skill level 7 in Armour
  6130 | D:6      | Reached skill level 8 in Fighting
  6448 | D:6      | Identified a scroll of acquirement
  6449 | D:6      | Acquired the ring of Perfectionism {rF+ Str+4 Int-2 Dex+6}
  6983 | D:7      | Reached XP level 9. HP: 24/75 MP: 9/9
  7145 | D:7      | Reached skill level 8 in Armour
  7439 | D:7      | Noticed Menkaure
  7441 | D:7      | Found a staircase to the Ecumenical Temple.
  7447 | D:7      | Killed Menkaure
  8308 | D:7      | Reached skill level 9 in Fighting
  8428 | D:7      | Noticed a two-headed ogre
  8446 | D:7      | Killed a two-headed ogre
  8447 | D:7      | Reached skill level 9 in Armour
  8458 | D:7      | HP: 26/117 [killer bee (4)]
  8460 | D:7      | Noticed Maggie
  8460 | D:7      | HP: 11/117 [killer bee (2)]
  8464 | D:7      | HP: 5/117 [scroll of holy word (2)]
  8469 | D:7      | HP: 11/114 [killer bee (7)]
  8474 | D:7      | HP: 7/114 [killer bee (7)]
  8479 | D:7      | HP: 19/115 [something (3)]
  8484 | D:7      | HP: 28/175 [iguana (8)]
  8493 | D:7      | HP: 21/117 [Maggie/+2 glaive of draining (5)]
  8495 | D:7      | HP: 8/115 [Maggie/+2 glaive of draining (15)]
  8495 | D:7      | HP: 1/111 [Maggie/+2 glaive of draining (7)]
  8496 | D:7      | Killed from afar by Maggie

Vanquished Creatures
  A two-headed ogre (D:7)
  Pikel (D:4)
  Menkaure (D:7)
  A water moccasin (D:6)
  An ice beast (D:7)
  2 orc warriors
  A sky beast (D:6)
  2 black bears
  3 ogres (D:4)
  A centaur (D:6)
  A lemure (D:4)
  2 phantoms
  2 scorpions
  3 killer bees (D:7)
  A howler monkey (D:7)
  4 hounds
  2 jellies (D:7)
  An orc priest (D:5)
  3 iguanas
  6 orc wizards
  5 gnolls (D:5)
  5 adders
  4 river rats (D:5)
  2 white imps
  An ufetubus (D:6)
  2 worms
  15 orcs
  10 ball pythons
  4 endoplasms
  4 giant cockroaches
  12 goblins
  8 hobgoblins
  2 jackals (D:1)
  6 kobolds
  4 quokkas
  9 bats
  5 frilled lizards
  5 rats
142 creatures vanquished.

Vanquished Creatures (others)
  13 plants (D:5)
  A withered plant (D:2)
14 creatures vanquished.

Grand Total: 156 creatures vanquished

Table legend:
 A = Non-vault XP
 B = Vault XP
 C = Vault XP percentage of total XP
 D = Non-vault monster count
 E = Vault monster count
 F = Vault count percentage of total count
                 A         B        C        D         E       F
            +---------+---------+-------+---------+---------+-------
      Total |    3745 |     905 |  19.5 |     132 |       9 |   6.4
            +---------+---------+-------+---------+---------+-------
        D:1 |      50 |       0 |   0.0 |      31 |       0 |   0.0
        D:2 |      46 |       0 |   0.0 |      20 |       0 |   0.0
        D:3 |      23 |       0 |   0.0 |      10 |       0 |   0.0
        D:4 |     637 |     650 |  50.5 |      22 |       2 |   8.3
        D:5 |     479 |      80 |  14.3 |      14 |       6 |  30.0
        D:6 |     804 |       0 |   0.0 |      19 |       0 |   0.0
        D:7 |    1706 |     175 |   9.3 |      16 |       1 |   5.9
            +---------+---------+-------+---------+---------+-------

Illustrated notes

Table legend:
 A = Kills in this place as a percentage of kills in entire the game.
 B = Kills by you in this place as a percentage of kills by you in the entire game.
 C = Kills by friends in this place as a percentage of kills by friends in the entire game.
 D = Other kills in this place as a percentage of other kills in the entire game.
 E = Experience gained in this place as a percentage of experience gained in the entire game.
 F = Experience gained in this place divided by the number of levels of this place that you have seen.
                   A       B       C       D       E      F
               +-------+-------+-------+-------+-------+----------------------
         Total | 100.0 | 100.0 |   N/A |   N/A | 100.0 | 664.3
       Dungeon | 100.0 | 100.0 |   N/A |   N/A | 100.0 | 664.3
               +-------+-------+-------+-------+-------+----------------------

Table legend: (Time is in decaauts)
 A = Elapsed time spent in this place.
 B = Non-inter-level travel time spent in this place.
 C = Inter-level travel time spent in this place.
 D = Time resting spent in this place.
 E = Time spent auto-exploring this place.
 F = Levels seen in this place.
 G = Mean time per level.
                   A        B        C        D        E       F      G
               +--------+--------+--------+--------+--------+-----+--------+
         Total |   8621 |   8474 |    147 |   2568 |   4794 |   7 | 1231.6 |
       Dungeon |   8621 |   8474 |    147 |   2568 |   4794 |   7 | 1231.6 |
               +--------+--------+--------+--------+--------+-----+--------+

Top non-repeatable levels by time:
     D:7: 1748 daAuts
     D:6: 1359 daAuts
     D:2: 1253 daAuts
     D:5: 1227 daAuts
     D:4: 1120 daAuts
     D:1: 1096 daAuts
     D:3: 815 daAuts
